 Dungeon Crawl Stone Soup version 0.27.1-34-g3ba077fa99 (webtiles) character file.

Game seed: 9393199947735546237

2977 shadowrider38 the Thrower (level 9, 0/96 HPs)
             Began as a Troll Hunter on Jan 6, 2022.
             Was an Initiate of Gozag.
             Slain by Snorg (10 damage)
             ... on level 10 of the Dungeon.
             The game lasted 00:13:07 (6505 turns).

shadowrider38 the Thrower (Troll Hunter)            Turns: 6505, Time: 00:13:07

Health: 0/96       AC:  4    Str: 28    XL:     9   Next: 53%
Magic:  8/8        EV:  9    Int:  7    God:    Gozag
Gold:   380        SH:  0    Dex: 10    Spells: 8/8 levels left

rFire    . . .     SeeInvis +   a - +8 short sword of Romp {vorpal, Str+3}
rCold    + . .     Faith    .   (no shield)
rNeg     . . .     Spirit   .   b - +0 robe
rPois    .         Reflect  .   (helmet restricted)
rElec    .         Harm     .   v - scarf {repulsion}
rCorr    .         Rampage  .   (gloves unavailable)
Will     .....                  (boots unavailable)
Stlth    +.........             (no amulet)
HPRegen  1.26/turn              B - ring of protection from cold
MPRegen  0.11/turn              A - ring of see invisible

@: lethally poisoned (0 -> -2), repel missiles
A: large, unfitting armour, claws 3, regeneration 1, shaggy fur 1, tough skin 1
a: Renounce Religion, Potion Petition, Call Merchant, Bribe Branch


You were on level 10 of the Dungeon.
You worshipped Gozag.
Gozag was aware of your devotion.
You visited 2 branches of the dungeon, and saw 11 of its levels.

You collected 510 gold pieces.
You paid 130 gold pieces to Gozag.

Inventory:

Hand Weapons
 a - the +8 short sword of Romp (weapon) {vorpal, Str+3}
   (You found it on level 7 of the Dungeon)

   It inflicts extra damage upon your enemies.
   Str:       It affects your strength (+3).
 C - a +0 giant spiked club
Missiles
 c - 4 large rocks (quivered)
 d - 2 throwing nets
 k - 343 stones
 w - 3 boomerangs
 x - 8 poisoned darts
Armour
 b - a +0 robe (worn)
 v - a scarf of repulsion (worn)
 y - the +0 cloak of Mieromp {Dex+5}
   (You found it on level 6 of the Dungeon)

   Dex:       It affects your dexterity (+5).
Jewellery
 z - a ring of wizardry
 A - a ring of see invisible (right claw)
 B - a ring of protection from cold (left claw)
Wands
 r - a wand of paralysis (9)
Scrolls
 g - 2 scrolls of amnesia {unknown}
 h - a scroll of brand weapon {unknown}
 i - a scroll of fear {unknown}
 j - 2 scrolls of identify {unknown}
 n - 2 scrolls of magic mapping {unknown}
 p - a scroll of enchant weapon {unknown}
 u - a scroll of teleportation {unknown}
Potions
 e - 2 potions of curing
 f - 2 potions of might {unknown}
 l - a potion of cancellation {unknown}
 m - 3 potions of lignification {unknown}
 o - 2 potions of invisibility {unknown}
 q - a potion of ambrosia {unknown}
 s - 3 potions of degeneration {unknown}
 t - a potion of haste {unknown}


   Skills:
 + Level 8.1 Fighting
 + Level 9.4 Throwing
 - Level 1.5 Dodging
 - Level 0.3 Stealth


You had 8 spell levels left.
You didn't know any spells.
Your spell library contained the following spells:

 Spells                   Type           Power      Damage    Failure   Level
 Animate Skeleton         Necr           0%         N/A       43%         1
 Apportation              Tloc           0%         N/A       43%         1
 Pain                     Necr           0%         1d4       43%         1
 Shock                    Conj/Air       0%         1d3       43%         1
 Stone Arrow              Conj/Erth      0%         3d7       80%         3
 Swiftness                Air            0%         N/A       80%         3
 Vampiric Draining        Necr           0%         2d6       80%         3
 Airstrike                Air            0%         N/A       99%         4
 Animate Armour           Summ/Erth      0%         N/A       99%         4
 Lehudib's Crystal Spear  Conj/Erth      0%         10d2      100%        8


Dungeon Overview and Level Annotations

Branches:
Dungeon (10/15)            Temple (1/1) D:7
   Lair: D:8-11         Orc: D:9-12

Altars:
Ashenzari
Cheibriados
Dithmenos
Elyvilon
Fedhas
Gozag
Hepliaklqana
Kikubaaqudgha
Makhleb
Nemelex Xobeh
Okawaru
Qazlal
Ru
Sif Muna
Trog
Uskayaw
Vehumet
Wu Jian
Xom
Yredelemnul
Zin
The Shining One

Shops:
D:9 *

Annotations:
D:10 Snorg


Innate Abilities, Weirdness & Mutations

You are too large for most types of armour.
You have claws for hands.
Your natural rate of healing is unusually fast.
You are covered in fur. (AC +1)
You have tough skin. (AC +1)


Message History

A gnoll comes into view. It is wielding a +0 flail.
You hear a shout!
Throw: 5 large rocks
Press: ? - help, Q - select action, (/) - cycle Shift-Dir - straight line, f/p - Snorg
Aim: Snorg (moderately wounded, 65% to hit)
You throw a large rock. The gnoll shouts!
The large rock hits Snorg!!
Snorg is severely wounded.
You hit Snorg.
Snorg is severely wounded.
Snorg bites you. Snorg claws you! Snorg claws you.
You puncture Snorg!
Snorg is almost dead.
An orc warrior comes into view. It is wielding a +0 flail.
The orc wizard hits you with a +1 dagger of venom.
You are poisoned.
Snorg bites you. Snorg barely misses you. Snorg claws you.
You hit Snorg.
Snorg is almost dead.
You feel very sick.
The orc wizard hits you with a +1 dagger of venom.
Snorg bites you. Snorg claws you. Snorg closely misses you.
The orc wizard hits you with a +1 dagger of venom.
You are more poisoned.
You barely miss Snorg.
Snorg is almost dead.
You feel very sick.
Snorg goes berserk!
You puncture Snorg!
Snorg is almost dead.
You feel very sick. Snorg completely misses you. Snorg barely misses you.
Snorg claws you! Snorg bites you!!
* * * LOW HITPOINT WARNING * * *
Snorg claws you.
* * * LOW HITPOINT WARNING * * *
Snorg claws you!
You die...
Your body crumbles into a pile of gold.

8. #. #. ≈##. ≈≈#8.
≈≈##. ≈≈##.
################.##.
#go@..........##.#⌠.
......oT.............##.
#####.#.........#.#..##.
#.#(#######.#.##.##.
...(...........>.#8.
##.#.#######.##...##.
#.#.( #.##...##. # ###
#.##...##. #.##...#8.


You could see Snorg (berserk), an orc warrior, an orc wizard (invisible) and a
gnoll.

Vanquished Creatures
  A two-headed ogre (D:10)
  A cyclops (D:6)
  A troll (D:7)
  Grinder (D:3)
  Eustachio (D:5)
  A sky beast (D:5)
  A kobold brigand (D:6)
  2 bullfrogs (D:7)
  2 scorpions
  4 wights (D:7)
  5 killer bees
  A bullfrog zombie (D:5)
  2 hounds
  An orc priest (D:4)
  A gnoll shaman (D:6)
  A bullfrog skeleton (D:5)
  3 orc wizards
  Jessica (D:2)
  Ijyb (D:3)
  A scorpion zombie (D:5)
  2 iguanas
  A killer bee zombie (D:5)
  Robin (D:3)
  5 gnolls (D:6)
  6 adders
  An adder skeleton (D:4)
  A worm (D:2)
  2 dart slugs
  13 orcs
  6 ball pythons
  6 bats
  8 endoplasms
  2 giant cockroaches
  9 goblins
  11 hobgoblins
  10 jackals
  4 quokkas
  6 frilled lizards
  4 kobolds
  6 rats
136 creatures vanquished.

Vanquished Creatures (others)
  40 fungi (D:8)
  35 plants (D:8)
  2 toadstools (D:1)
77 creatures vanquished.

Grand Total: 213 creatures vanquished

Notes
Turn   | Place    | Note
-------+----------+-------------------------------------------
     0 | D:1      | shadowrider38 the Troll Hunter began the quest for the Orb.
     0 | D:1      | Reached XP level 1. HP: 19/19 MP: 0/0
   133 | D:1      | Found a faded altar of an unknown god.
   144 | D:1      | Reached XP level 2. HP: 26/28 MP: 1/1
   150 | D:1      | Got Plato's Catalogue of the Traveller
   218 | D:1      | Reached skill level 4 in Throwing
   669 | D:2      | Reached XP level 3. HP: 35/35 MP: 2/2
  1024 | D:2      | Noticed Jessica
  1027 | D:2      | Killed Jessica
  1028 | D:2      | Reached XP level 4. HP: 44/44 MP: 3/3
  1441 | D:3      | You fall into a shaft and drop 1 floor!
  1448 | D:4      | Reached XP level 5. HP: 41/53 MP: 4/4
  1754 | D:4      | Reached skill level 5 in Throwing
  1907 | D:3      | Noticed Ijyb
  1928 | D:3      | Paralysed by Ijyb for 2 turns
  1934 | D:3      | Killed Ijyb
  1946 | D:3      | Noticed Robin
  1963 | D:3      | Killed Robin
  2182 | D:3      | Reached XP level 6. HP: 57/62 MP: 5/5
  2413 | D:3      | Noticed Grinder
  2414 | D:3      | Paralysed by Grinder for 6 turns
  2421 | D:3      | Killed Grinder
  2422 | D:3      | Reached skill level 6 in Throwing
  2422 | D:3      | Reached XP level 7. HP: 71/71 MP: 6/6
  2888 | D:5      | Entered Level 5 of the Dungeon
  2963 | D:5      | Reached skill level 5 in Fighting
  3135 | D:5      | Noticed Eustachio
  3287 | D:5      | Killed Eustachio
  3419 | D:5      | Found a snail-covered altar of Cheibriados.
  3487 | D:5      | Identified the +1 ring mail of Astap {rC+ rN+ Regen+ Dex-3}
  3493 | D:5      | Reached skill level 7 in Throwing
  3493 | D:5      | Reached XP level 8. HP: 81/83 MP: 7/7
  4214 | D:6      | Found an ancient bone altar of Kikubaaqudgha.
  4216 | D:6      | Found a blossoming altar of Fedhas.
  4336 | D:6      | Noticed a cyclops
  4339 | D:6      | Killed a cyclops
  4340 | D:6      | Reached skill level 8 in Throwing
  4401 | D:6      | Identified the +0 cloak of Mieromp {Dex+5}
  4747 | D:7      | Noticed a troll
  4753 | D:7      | Killed a troll
  4943 | D:7      | Found a staircase to the Ecumenical Temple.
  5057 | Temple   | Entered the Ecumenical Temple
  5241 | D:7      | Reached XP level 9. HP: 74/84 MP: 8/8
  5321 | D:7      | Found a burning altar of Makhleb.
  5321 | D:7      | Found a shimmering blue altar of Sif Muna.
  5321 | D:7      | Found an opulent altar of Gozag.
  5433 | D:7      | Identified the +8 short sword of Romp {vorpal, Str+3}
  5619 | D:7      | Became a worshipper of Gozag Ym Sagoz the Greedy
  6123 | D:8      | You fall into a shaft and drop 2 floors!
  6123 | D:10     | Entered Level 10 of the Dungeon
  6133 | D:9      | Noticed a two-headed ogre
  6133 | D:9      | Found Facudo's Assorted Antiques.
  6376 | D:10     | Noticed a two-headed ogre
  6396 | D:10     | Killed a two-headed ogre
  6397 | D:10     | Reached skill level 9 in Throwing
  6497 | D:10     | Noticed Snorg
  6505 | D:10     | Slain by Snorg

Illustrated notes

Levels and vault maps discovered:
D:1:      minmay_arrival_solitary_statue, layout_basic,
          shapermc_ecumenical_altar_rom_forum, minmay_gold_behind_fungi,
          roderic_nine_men_s_morris
D:2:      layout_loops_ring, kennysheep_jessica_study
D:3:      layout_loops_ring, uniq_grinder, uniq_ijyb, uniq_robin
D:4:      layout_basic, minmay_misc_feat_alley
D:5:      layout_rooms, mainiacjoe_overflow_brackets, kennysheep_generic_room_6,
          uniq_eustachio
D:6:      layout_basic, grunt_temple_overflow_growth_and_decay
D:7:      layout_loops_cross, gammafunk_temple_overflow_forgotten,
          minmay_temple_entry_tees, hellmonk_bongcloud_opening
D:8:      layout_basic, due_lair_maze_entry_diamond, lemuel_flame_loot_1
D:9:      layout_long_grid, serial_shops, kennysheep_little_box, shop,
          nicolae_shop_overgrown_old_shop, nicolae_shop_trees, minmay_puff
D:10:     layout_basic, serial_corexii_hall, corexii_hall_statues_t,
          corexii_hall_statues_t, uniq_urug, uniq_snorg
Temple:   compressed_dpeg_circular_temple

Skill      XL: |  1  2  3  4  5  6  7  8  9 |
---------------+----------------------------+-----
Fighting       | 2 3 4 5 7 8 |  8.1
Throwing       | 4 5 6 7 8 9 |  9.4
Dodging        | |  1.5
Stealth        | |  0.3

Action                   |  1- 3 |  4- 6 |  7- 9 || total
-------------------------+-------+-------+-------++-------
Melee: Unarmed           |   151 |    51 |       ||   202
       Hand axe          |       |    99 |   173 ||   272
       Short sword       |       |       |    28 ||    28
Throw: Large rock        |       |     3 |    15 ||    18
       Stone             |       |       |     9 ||     9
       Dart              |       |       |     1 ||     1
 Stab: Sleeping          |     1 |       |       ||     1
Armor: Robe              |    61 |    46 |    62 ||   169
Dodge: Dodged            |    70 |    76 |   121 ||   267
